 Dungeon Crawl Stone Soup version 0.30-a0-824-g6c64550be9 (webtiles) character file.

Game seed: 10336720240905831814

8183 Darius099 the Severer (level 11, -3/89 HPs)
             Began as a Minotaur Fighter on Feb 27, 2023.
             Was a High Priest of Okawaru.
             Slain by a komodo dragon (4 damage)
             ... on level 9 of the Dungeon.
             The game lasted 00:32:32 (8520 turns).

Darius099 the Severer (Minotaur Fighter)            Turns: 8520, Time: 00:32:33

Health: -3/89      AC: 16    Str: 25    XL:     11   Next: 6%
Magic:  12/13      EV:  8    Int:  5    God:    Okawaru [*****.]
Gold:   609        SH:  6    Dex: 10    Spells: 10/10 levels left

rFire   + . .      SeeInvis +    a - +0 war axe
rCold   . . .      Faith    .    c - +0 buckler
rNeg    . . .      Spirit   .    L - +0 plate armour
rPois   +          Reflect  .    u - +0 mask of the Dragon {Will+ Slay+3 SInv}
rElec   .          Harm     .    (no cloak)
rCorr   .          Rampage  .    (no gloves)
Will    +....                    v - +0 pair of boots Stlth
                                 K - amulet of regeneration
HPRegen 1.14/turn                f - ring of protection from fire
MPRegen 0.13/turn                B - ring of poison resistance

@: lethally poisoned (-3 -> -4), heroic, flying
A: horns 2, retaliatory headbutt
a: Renounce Religion, Heroism, Finesse, Duel


You were on level 9 of the Dungeon.
You worshipped Okawaru.
Okawaru was extremely pleased with you.
You visited 2 branches of the dungeon, and saw 10 of its levels.
You also visited: Ossuary.

You collected 609 gold pieces.

Inventory:

Hand Weapons
 a - a +0 war axe (weapon)
Missiles
 g - 78 stones (quivered)
 l - 3 javelins
 s - a throwing net
 F - a curare-tipped dart
 G - 11 poisoned darts
 H - 11 boomerangs
Armour
 c - a +0 buckler (worn)
 u - the +0 mask of the Dragon (worn) {Will+ Slay+3 SInv}
   (You found it on level 3 of the Dungeon)

   Slay:      It affects your accuracy & damage with ranged weapons and melee
   (+3).
   SInv:      It lets you see invisible.
   Will:      It increases your willpower.
 v - a +0 pair of boots (worn)
 L - a +0 plate armour (worn)
Jewellery
 f - a ring of protection from fire (left hand)
 B - a ring of poison resistance (right hand)
 K - an amulet of regeneration (around neck)
Wands
 w - a wand of paralysis (3)
 E - a wand of digging (3)
Scrolls
 e - 2 scrolls of enchant armour {unknown}
 h - 8 scrolls of teleportation {unknown}
 k - 2 scrolls of immolation {unknown}
 m - 2 scrolls of vulnerability {unknown}
 n - 3 scrolls of fear {unknown}
 o - 4 scrolls of fog {unknown}
 t - a scroll of blinking {unknown}
 x - a scroll of silence {unknown}
 y - a scroll of torment {unknown}
 A - 3 scrolls of brand weapon {unknown}
 D - a scroll of summoning {unknown}
Potions
 b - 2 potions of berserk rage
 d - 2 potions of attraction
 i - 3 potions of flight
 j - 6 potions of curing
 p - 5 potions of brilliance
 q - a potion of cancellation {unknown}
 r - 4 potions of mutation
 z - 3 potions of ambrosia
 I - 2 potions of haste
 J - a potion of invisibility {unknown}


   Skills:
 + Level 6.1(11.1) Fighting
 - Level 16.0(21.0) Axes
 - Level 5.2(10.2) Throwing
 + Level 6.1(11.1) Armour
 + Level 6.1(11.1) Shields
 - Level 5.3 Invocations


You had 10 spell levels left.
You didn't know any spells.
Your spell library contained the following spells:

 Spells                   Type           Power      Damage    Failure   Level
 Freeze                   Ice            0%         1d3       99%         1
 Magic Dart               Conj           0%         1d3       99%         1
 Sandblast                Erth           0%         2d4       99%         1
 Passwall                 Tmut/Erth      0%         N/A       100%        2
 Frozen Ramparts          Ice            0%         1d1       100%        3
 Gell's Gravitas          Tloc           0%         N/A       100%        3
 Hailstorm                Conj/Ice       0%         3d3       100%        3
 Inner Flame              Hex/Fire       0%         N/A       100%        3
 Mephitic Cloud           Conj/Pois/Air  0%         N/A       100%        3
 Stone Arrow              Conj/Erth      0%         3d7       100%        3
 Teleport Other           Tloc           0%         N/A       100%        3
 Flame Wave               Conj/Fire      0%         2d4       100%        4
 Sticky Flame             Conj/Fire      0%         2d3       100%        4
 Dispersal                Tloc           0%         N/A       100%        6
 Call Imp                 Summ           Unusable   N/A       N/A         2

Dungeon Overview and Level Annotations

Branches:
Dungeon (9/15)             Temple (1/1) D:4            Lair (0/5) D:9
Ossuary (visited)
    Orc: D:9-12

Altars:
Cheibriados
Elyvilon
Fedhas
Hepliaklqana
Kikubaaqudgha
Makhleb
Nemelex Xobeh
Okawaru
Qazlal
Trog
Xom
The Shining One

Shops:
D:4 [

Annotations:
D:3 2 transporters, omnomnOMINOUS's ghost, amateur OpWn


Innate Abilities, Weirdness & Mutations

You have a pair of horns on your head.
You reflexively headbutt those who attack you in melee.


Message History

You block the killer bee's attack.
The killer bee stings you but does no damage.
You block the iguana's attack. The killer bee barely misses you.
You furiously retaliate!
You headbutt the killer bee!!
You kill the killer bee!
Okawaru accepts your kill. The killer bee barely misses you.
The killer bee stings you. The komodo dragon bites you.
You barely miss the komodo dragon.
The komodo dragon is heavily wounded.
You slash the iguana!
You kill the iguana!
Okawaru accepts your kill.
You completely miss the killer bee. You barely miss the killer bee.
You slash the frilled lizard!
You kill the frilled lizard!
The killer bee stings you. x2
* * * LOW HITPOINT WARNING * * *
An iguana comes into view.
The komodo dragon bites you!!
* * * LOW HITPOINT WARNING * * *
The killer bee stings you.
* * * LOW HITPOINT WARNING * * *
You are lethally poisoned!
The killer bee poisons you!
The killer bee stings you but does no damage.
You feel much better.
You feel sick. The killer bee stings you.
* * * LOW HITPOINT WARNING * * *
The killer bee barely misses you. You furiously retaliate!
You headbutt the killer bee. The komodo dragon bites you!!
* * * LOW HITPOINT WARNING * * *
The killer bee barely misses you.
The killer bee stings you but does no damage.
You feel very buoyant.
You fly up into the air.
* * * LOW HITPOINT WARNING * * *
You feel sick.
The killer bee stings you but does no damage.
The killer bee barely misses you. The komodo dragon bites you.
You die...

.....# .....#
##....# #.....
##....# ...
##.....# ....
##..ly†.#.....
..##...ll@†......
........y.†......
....l.........###
.............##
............##
............#
....##......#
.#.. #........
... ..........


You could see a komodo dragon, an iguana, 2 killer bees and 2 frilled lizards.

Vanquished Creatures
  Amaemon (D:8)
  An orange demon (D:9)
  Prince Ribbit (D:7)
  12 yaks
  5 wyverns
  2 basilisks (D:9)
  6 water moccasins
  5 orc warriors
  2 sky beasts
  A black bear (D:6)
  5 ice beasts
  An ogre (D:4)
  2 centaurs
  A phantom (D:4)
  A kobold brigand (D:6)
  A bullfrog (D:8)
  3 scorpions
  2 gnoll sergeants
  9 killer bees
  5 howler monkeys
  4 hounds
  3 jellies
  5 orc priests
  A gnoll bouda (D:7)
  An iron imp (D:6)
  8 iguanas
  10 orc wizards
  8 mummies (Ossuary)
  13 gnolls
  6 adders
  2 white imps
  4 ufetubi
  A worm (D:4)
  3 dart slugs
  23 orcs
  5 endoplasms
  2 giant cockroaches
  A gnoll zombie (Ossuary)
  3 goblins
  12 hobgoblins
  3 jackals (D:3)
  5 quokkas
  9 ball pythons
  6 bats
  7 frilled lizards
  A goblin skeleton (D:6)
  5 hobgoblin zombies (D:6)
  8 kobolds
  A kobold skeleton (D:6)
  5 kobold zombies
  3 orc skeletons (D:6)
  5 orc zombies
  2 rats
241 creatures vanquished.

Vanquished Creatures (others)
  8 fungi
  24 plants
32 creatures vanquished.

Grand Total: 273 creatures vanquished

Notes
Turn   | Place    | Note
-------+----------+-------------------------------------------
     0 | D:1      | Darius099 the Minotaur Fighter began the quest for the Orb.
     0 | D:1      | Reached XP level 1. HP: 19/19 MP: 0/0
    58 | D:1      | Found a faded altar of an unknown god.
   207 | D:1      | Reached skill level 3 in Axes
   207 | D:1      | Reached XP level 2. HP: 27/27 MP: 1/1
   570 | D:2      | Reached skill level 4 in Axes
   578 | D:2      | Reached XP level 3. HP: 33/33 MP: 2/2
   603 | D:2      | Identified the +1 leather armour "Oviutyar" {Will+}
   858 | D:2      | Reached skill level 5 in Axes
   858 | D:2      | Reached XP level 4. HP: 40/40 MP: 3/3
  1239 | D:3      | Noticed omnomnOMINOUS's ghost (amateur OpWn)
  1248 | D:3      | Found a transporter.
  1436 | D:3      | Found an iron altar of Okawaru.
  1494 | D:3      | Became a worshipper of Warmaster Okawaru
  1822 | D:3      | Found the +0 mask of the Dragon {Will+ Slay+3 SInv}
  1867 | D:3      | Found a transporter.
  2273 | D:4      | Found an ancient bone altar of Kikubaaqudgha.
  2320 | D:4      | Noticed an ogre
  2350 | D:4      | Killed an ogre
  2351 | D:4      | Reached skill level 6 in Axes
  2351 | D:4      | Reached XP level 5. HP: 46/46 MP: 4/4
  2420 | D:4      | Found a white marble altar of Elyvilon.
  2444 | D:4      | Reached skill level 7 in Axes
  2595 | D:4      | Noticed a phantom
  2614 | D:4      | Killed a phantom
  2614 | D:4      | Reached * piety under Okawaru
  2615 | D:4      | Reached XP level 6. HP: 44/52 MP: 5/5
  2654 | D:4      | Found a staircase to the Ecumenical Temple.
  2674 | Temple   | Entered the Ecumenical Temple
  2805 | D:4      | Reached skill level 8 in Axes
  2870 | D:4      | Found a snail-covered altar of Cheibriados.
  3041 | D:4      | Found a burning altar of Makhleb.
  3146 | D:4      | Found Apollo's Dragon-Slaying Spoils.
  3380 | D:5      | Entered Level 5 of the Dungeon
  3525 | D:5      | Noticed a water moccasin
  3546 | D:5      | Killed a water moccasin
  3547 | D:5      | Reached skill level 9 in Axes
  3547 | D:5      | Reached XP level 7. HP: 42/58 MP: 3/6
  3691 | D:5      | Found a sand-covered staircase.
  3727 | Ossuary  | Entered an ossuary
  3744 | Ossuary  | Reached skill level 10 in Axes
  3790 | Ossuary  | Reached ** piety under Okawaru
  4188 | D:5      | Found a sparkling altar of Nemelex Xobeh.
  4225 | D:5      | Reached skill level 11 in Axes
  4384 | D:5      | Found a bloodstained altar of Trog.
  4384 | D:5      | Found a blossoming altar of Fedhas.
  4384 | D:5      | Found a shimmering altar of Xom.
  4613 | D:6      | Found a glowing golden altar of the Shining One.
  4620 | D:6      | Reached XP level 8. HP: 65/66 MP: 7/7
  4953 | D:6      | Reached skill level 12 in Axes
  5293 | D:6      | Reached *** piety under Okawaru
  5446 | D:6      | Reached skill level 13 in Axes
  5461 | D:6      | You fall into a shaft and drop 2 floors!
  5959 | D:7      | Noticed Prince Ribbit
  5968 | D:7      | Reached skill level 14 in Axes
  5968 | D:7      | Reached XP level 9. HP: 60/71 MP: 5/8
  5980 | D:7      | Killed Prince Ribbit
  6162 | D:7      | Reached **** piety under Okawaru
  6163 | D:7      | Reached skill level 15 in Axes
  6275 | D:7      | Found a stormy altar of Qazlal.
  6553 | D:7      | Identified the +0 leather armour "Ugujoeh" {Will- Regen+
                  | Int+3 SInv}
  6933 | D:7      | Reached skill level 16 in Axes
  6988 | D:7      | Found a hazy altar of Hepliaklqana.
  7175 | D:8      | Reached skill level 1 in Throwing
  7175 | D:8      | Reached skill level 1 in Invocations
  7215 | D:8      | Received a gift from Okawaru
  7637 | D:8      | Reached XP level 10. HP: 56/78 MP: 11/11
  8070 | D:8      | Reached ***** piety under Okawaru
  8168 | D:8      | Received a gift from Okawaru
  8169 | D:8      | Reached skill level 5 in Throwing
  8169 | D:8      | Reached skill level 5 in Invocations
  8293 | D:8      | Received a gift from Okawaru
  8351 | D:9      | Reached skill level 5 in Shields
  8352 | D:9      | Reached skill level 5 in Fighting
  8352 | D:9      | Reached skill level 5 in Armour
  8409 | D:9      | Found a staircase to the Lair.
  8420 | D:9      | Noticed Amaemon
  8423 | D:9      | Noticed an orange demon
  8442 | D:8      | Killed Amaemon
  8442 | D:8      | Received a gift from Okawaru
  8502 | D:9      | Killed an orange demon
  8503 | D:9      | Reached XP level 11. HP: 85/89 MP: 13/13
  8513 | D:9      | Identified the +2 hat of a Thousand Portals {rElec rC-
                  | Regen+ rCorr} (Okawaru gifted it to you on level 9 of the
                  | Dungeon)
  8513 | D:9      | Received a gift from Okawaru
  8518 | D:9      | HP: 1/89 [killer bee (5)]
  8520 | D:9      | Slain by a komodo dragon

Illustrated notes

Levels and vault maps discovered:
D:1:      dpeg_arrival_shelter, layout_rooms,
          hellmonk_ecumenical_altar_arch_garden, corexii_hall_statues_l
D:2:      layout_basic, minmay_pentomino_z4
D:3:      layout_loops_corners, mainiacjoe_overflow_boulevard,
          gammafunk_ghost_stat_death, serial_park_tiny_pond,
          minmay_strange_pillars
D:4:      layout_basic, kennysheep_little_box, lemuel_doored_altar,
          kennysheep_slug_shrine, mainiacjoe_overflow_paths,
          minmay_temple_entry_arrows, nicolae_shop_dragon_depot,
          dreamdust_gnoll_farm
D:5:      layout_basic, general_overflow_altar,
          gammafunk_temple_overflow_forgotten,
          nicolae_ossuary_entry_false_entrances
D:6:      layout_gridville, nicolae_tso_besieged_by_evil
D:7:      layout_layer_cave, nicolae_overflow_crystal_walls, marbit_many_paths,
          nicolae_grassy_gnolls, uniq_prince_ribbit1
D:8:      layout_loops_corners, uniq_maurice
D:9:      layout_cave_pools, nicolae_ru_sacrificial_ziggurat, lemuel_tele_altar,
          minmay_lair_entry_grove, minmay_lizard_king, uniq_amaemon
Temple:   hellmonk_temple_forest_ring

Skill      XL: |  1  2  3  4  5  6  7  8  9 10 |
---------------+-------------------------------+-----
Axes           | 3 4 5 6 7 9 11 14 16 | 16.0
Throwing       | 2 5 |  5.2
Invocations    | 3 5 |  5.3
Fighting       | 6 |  6.1
Armour         | 6 |  6.1
Shields        | 6 |  6.1

Action                     |  1- 3 |  4- 6 |  7- 9 | 10-12 || total
---------------------------+-------+-------+-------+-------++-------
  Melee: War axe           |    62 |    94 |   269 |   103 ||   528
         Headbutt          |    10 |    13 |    41 |    19 ||    83
  Throw: Stone             |     5 |     5 |       |       ||    10
 Invoke: Heroism           |       |     1 |     2 |     3 ||     6
         Finesse           |       |       |       |     1 ||     1
    Use: Scroll            |       |     2 |     7 |     1 ||    10
         Potion            |       |     1 |     1 |     3 ||     5
 Armour: Scale mail        |    32 |    36 |    52 |       ||   120
         Chain mail        |       |       |    31 |       ||    31
         Plate armour      |       |       |     3 |    94 ||    97
  Dodge: Dodged            |    31 |    33 |   100 |    61 ||   225
  Block: Buckler           |    16 |     8 |    44 |    44 ||   112

Table legend: (Time is in decaauts)
 A = Elapsed time spent in this place.
 B = Non-inter-level travel time spent in this place.
 C = Inter-level travel time spent in this place.
 D = Time resting spent in this place.
 E = Time spent auto-exploring this place.
 F = Levels seen in this place.
 G = Mean time per level.
                   A        B        C        D        E       F      G
               +--------+--------+--------+--------+--------+-----+--------+
         Total |   8506 |   8217 |    289 |   1357 |   3838 |  11 |  773.3 |
       Dungeon |   8238 |   7949 |    289 |   1273 |   3810 |   9 |  915.3 |
        Temple |      1 |      1 |      0 |      0 |      0 |   1 |    1.0 |
       Ossuary |    265 |    265 |      0 |     84 |     28 |   1 |  265.0 |
               +--------+--------+--------+--------+--------+-----+--------+

Top non-repeatable levels by time:
     D:8: 1372 daAuts
     D:7: 1292 daAuts
     D:4: 1222 daAuts
     D:6: 1192 daAuts
     D:3: 952 daAuts
     D:5: 865 daAuts
     D:2: 673 daAuts
     D:1: 573 daAuts
 Ossuary: 265 daAuts
     D:9: 93 daAuts
  Temple: 1 daAuts
